 Dungeon Crawl Stone Soup version 0.25.0-9-g26727b657a (webtiles) character file.

Game seed: 9953739403031423879

46 Infinimo the Vandal (level 3, -2/24 HPs)
             Began as a Halfling Hunter on June 20, 2020.
             Slain by Sigmund
             ... wielding a +0 scythe
              (9 damage)
             ... on level 2 of the Dungeon.
             The game lasted 00:02:06 (1618 turns).

Infinimo the Vandal (Halfling Hunter)               Turns: 1618, Time: 00:02:07

Health: -2/24      AC:  3    Str: 13    XL:     3   Next: 92%
Magic:  3/3        EV: 14    Int:  9    God:
Gold:   64         SH:  0    Dex: 15    Spells: 2/2 levels left

rFire    . . .     SeeInvis .   a - +1 hunting sling
rCold    . . .     Gourm    .   (shield restricted)
rNeg     . . .     Faith    .   c - +0 leather armour
rPois    .         Spirit   .   (no helmet)
rElec    .         Reflect  .   (no cloak)
rCorr    .         Harm     .   (no gloves)
MR       .....                  (no boots)
Stlth    ++........             (no amulet)
HPRegen  0.08/turn              (no ring)
MPRegen  0.08/turn              (no ring)

@: no status effects
A: small, mutation resistance 1
a: no special abilities


You were on level 2 of the Dungeon.
You were not hungry.

You visited 1 branch of the dungeon, and saw 2 of its levels.

You collected 64 gold pieces.

Inventory:

Hand Weapons
 a - a +1 hunting sling (weapon)
 b - a +0 short sword
Missiles
 h - 71 stones (quivered)
Armour
 c - a +0 leather armour (worn)
Jewellery
 m - an uncursed ring of protection from magic {unknown}
Scrolls
 e - 5 scrolls of identify {unknown}
 i - a scroll of remove curse {unknown}
 k - a scroll of enchant weapon {unknown}
 l - a scroll of enchant armour {unknown}
Potions
 j - a potion of heal wounds {unknown}
 n - a potion of curing {unknown}
 o - 2 potions of degeneration {unknown}
Comestibles
 f - 6 rations
 g - 3 chunks of flesh


   Skills:
 + Level 2.0 Fighting
 + Level 7.4 Slings
 + Level 0.3 Armour
 + Level 2.3 Dodging
 + Level 1.1 Stealth


You had 2 spell levels left.
You didn't know any spells.
Your spell library was empty.

Dungeon Overview and Level Annotations

Branches:
Dungeon (2/15)

Altars:

Annotations:
D:2 Sigmund


Innate Abilities, Weirdness & Mutations

You are small and have problems with some larger weapons.
You are somewhat resistant to further mutation.


Message History

Firing (i - inventory. (/) - cycle)
d - 4 sling bullets (quivered)
Press: ? - help, Shift-Dir - straight line You shoot a sling bullet.
Firing (i - inventory. (/) - cycle)
d - 3 sling bullets (quivered)
Press: ? - help, Shift-Dir - straight line You shoot a sling bullet.
Firing (i - inventory. (/) - cycle)
d - 2 sling bullets (quivered)
Press: ? - help, Shift-Dir - straight line You shoot a sling bullet.
Firing (i - inventory. (/) - cycle)
d - a sling bullet (quivered)
Press: ? - help, Shift-Dir - straight line You shoot a sling bullet.
Firing (i - inventory)
h - 73 stones (quivered)
Press: ? - help, Shift-Dir - straight line You shoot a stone.
Something hits you!
* * * LOW HITPOINT WARNING * * *
Firing (i - inventory)
h - 72 stones (quivered)
Press: ? - help, Shift-Dir - straight line You shoot a stone.
Something hits you!
You die...

...(.......#
#.########
#.......##.#
#>.......#
###@..###
.######.###.#
......#
.........#
.....##
#######.##
####.# ##.# #
#.# #.)# #
#.# #.## #
#.# #@# # ..
(.((({.(..# .
(######.#.# #
.....# ### .#
.# . ##


There were no monsters in sight!

Vanquished Creatures
  2 dart slugs (D:1)
  7 bats
  5 goblins
  5 hobgoblins
  3 quokkas (D:2)
  A ball python (D:1)
  4 frilled lizards
  6 kobolds
  6 rats
39 creatures vanquished.

Notes
Turn   | Place    | Note
-------+----------+-------------------------------------------
     0 | D:1      | Infinimo the Halfling Hunter began the quest for the Orb.
     0 | D:1      | Reached XP level 1. HP: 14/14 MP: 1/1
    38 | D:1      | Reached skill level 6 in Slings
    65 | D:1      | Reached XP level 2. HP: 19/19 MP: 2/2
   321 | D:1      | Reached XP level 3. HP: 24/24 MP: 3/3
   326 | D:1      | Reached skill level 7 in Slings
   815 | D:2      | Noticed Sigmund
  1618 | D:2      | Slain by Sigmund

Illustrated notes

Levels and vault maps discovered:
D:1:      lemuel_arrival_cross, layout_loops_ring
D:2:      layout_loops_ring, uniq_robin, uniq_sigmund

Skill      XL: |  1  2  3 |
---------------+----------+-----
Slings         | 6 7 |  7.4
Fighting       | 2 |  2.0
Armour         | |  0.3
Dodging        | |  2.3
Stealth        | |  1.1

Action                   || total
-------------------------++-------
 Fire: Hunting sling     ||    96
  Eat: Chunk             ||     2
Armor: Leather armour    ||     1
Dodge: Dodged            ||    18
